Map: Ever Dream LE

Players

Gaara - Winner!

  • Race: Protoss Protoss
  • League: Diamond
  • Spawn Location: 1:00

Gar

  • Race: Terran Terran
  • League: Diamond
  • Spawn Location: 7:00

VOD

Have the link to the VOD?

Description

Proxy 3 rax defense as a protoss

Time

  • Played on: Sept. 13, 2020, 1:38 p.m.
  • Length: 6:00
Show
View Real Time Build Order
Export as new Build Order

Gaara Protoss - Winner!

Build Orders:  

Get SALT Encoding   

  12  0:01  Probe  
  13  0:13  Probe  
  14  0:21  Pylon  
  14  0:26  Probe  
  15  0:39  Gateway, Probe (Chrono Boost)  
  16  0:49  Assimilator  
  17  0:50  Probe (Chrono Boost)  
  17  0:55  Probe (Chrono Boost)  
  18  1:05  Probe  
  19  1:17  Probe  
  20  1:29  Probe  
  20  1:30  Forge  
  20  1:32  Zealot, Cybernetics Core  
  23  1:42  Gateway  
  23  1:45  Pylon  
  23  2:03  Probe  
  23  2:05  Photon Cannon  
  24  2:11  Pylon  
  24  2:14  Assimilator  
  25  2:15  Probe  
  25  2:27  Probe  
  25  2:28  Stalker (Chrono Boost)  
  26  2:39  Stalker (Chrono Boost), Probe  
  29  2:45  Warp Gate  
  29  2:52  Gateway  
  29  2:57  Stalker  
  31  3:01  Stalker  
  33  3:10  Pylon  
  31  3:30  Probe  
  31  3:31  Stalker x2  
  36  3:39  Photon Cannon  
  36  3:45  Shield Battery  
  36  3:52  Gateway  
  36  4:06  Pylon  
  36  4:21  Stalker (Chrono Boost)  
  36  4:24  Photon Cannon  
  38  4:34  Stalker x2  
  42  4:58  Stalker x2  
  46  5:30  Robotics Facility  
  46  5:32  Pylon  
  40  5:47  Stalker x3, Nexus  
  40  5:48  Pylon  
Show
View Real Time Build Order
Export as new Build Order

Gar Terran 

Build Orders:  

Get SALT Encoding   

  12  0:00  SCV  
  13  0:12  SCV  
  14  0:18  Supply Depot  
  14  0:40  Barracks  
  14  0:59  Barracks  
  14  1:13  Barracks  
  14  1:14  Supply Depot  
  14  1:27  Marine  
  14  1:30  Orbital Command  
  15  1:43  Bunker  
  15  1:46  Marine  
  16  1:54  Marine  
  16  2:03  Marine  
  16  2:04  Marine  
  16  2:11  Marine  
  17  2:21  Marine  
  17  2:22  Marine  
  18  2:29  Marine  
  18  2:39  Marine x2  
  19  2:47  Marine  
  20  2:57  Marine x2  
  22  3:05  Marine  
  21  3:14  Marine  
  21  3:18  Marine  
  22  3:23  Marine  
  23  3:32  SCV, Marine  
  25  3:46  SCV  
  26  4:03  SCV  
  27  4:19  Command Center  
  28  4:24  SCV  
  28  4:29  Refinery  
  28  4:36  SCV  
  25  5:10  SCV  
  26  5:18  Refinery  
  26  5:21  Command Center  
  26  5:23  Barracks Tech Lab  
  26  5:25  SCV  
  27  5:33  Supply Depot  
  27  5:35  Supply Depot  
  25  5:38  Marine x2  
Tags
 
Add a new tag
Caveats
  • Supply blocks, unpowered buildings, or Contaminate may cause inaccurate times.
  • Supply counts are checked every 10 seconds.